TOP OF THE 1ST |
American League All-Stars batting - Pitching for National League All-Stars : RHP Steve Ryals
|
Pitching: RHP Steve Ryals
|
|
Batting: LHB Stu Sornson
|
0-0: Ball 1-0: Ball 2-0: SINGLE (Groundball, 34D, EV 98.8 MPH)
|
Batting: RHB Chance Lamb
|
0-0: Foul Ball, location: 2F 0-1: Foul Ball, location: 2F 0-2: SINGLE (Groundball, 56S, EV 70.6 MPH) (infield hit) Stu Sornson to second
|
Batting: LHB Jared Zulkowski
|
0-0: Foul Ball, location: 2F 0-1: Ball 1-1: Ball 2-1: Foul Ball, location: 2F 2-2: Ball 3-2: Fielders Choice at 2nd, 4-6 (Groundball, 4, EV 81.9 MPH) Stu Sornson to third
|
Batting: RHB Kinzo Yokoyama
|
0-0: Grounds into double play, 5-4-3 (Groundball, 56, EV 96.9 MPH)
|
Top of the 1st over - 0 runs, 2 hits, 0 errors, 1 left on base; American League 0 - National League 0 |
BOTTOM OF THE 1ST |
National League All-Stars batting - Pitching for American League All-Stars : LHP Chris Morales
|
Pitching: LHP Chris Morales
|
|
Batting: SHB Jose Melendez
|
0-0: Ground out 4-3 (Groundball, 4, EV 83.8 MPH)
|
Batting: LHB Koson Hirai
|
0-0: Called Strike 0-1: Called Strike 0-2: Ball 1-2: Strikes out swinging
|
Batting: RHB Kory Sanchez
|
0-0: Fly out, F2 (Popup, 2LF, EV 93.1 MPH)
|
Bottom of the 1st over - 0 runs, 0 hits, 0 errors, 0 left on base; American League 0 - National League 0 |
TOP OF THE 2ND |
American League All-Stars batting - Pitching for National League All-Stars : RHP Steve Ryals
|
Pitching: RHP Kevon Jamison
|
|
Batting: RHB Chris Martin
|
0-0: Called Strike 0-1: Ball 1-1: Swinging Strike 1-2: Ball 2-2: Strikes out swinging
|
Batting: RHB Matt Sherard
|
0-0: Ball 1-0: Ball 2-0: Called Strike 2-1: Ground out 4-3 (Groundball, 34, EV 86.2 MPH)
|
Batting: RHB Chris Bohm
|
0-0: Foul Ball, location: 2F 0-1: Called Strike 0-2: Ball 1-2: Foul Ball, location: 2F 1-2: Ball 2-2: Ground out 6-3 (Groundball, 6S, EV 94.4 MPH)
|
Top of the 2nd over - 0 runs, 0 hits, 0 errors, 0 left on base; American League 0 - National League 0 |
BOTTOM OF THE 2ND |
National League All-Stars batting - Pitching for American League All-Stars : LHP Chris Morales
|
Pitching: RHP Josh McMahan
|
|
Batting: RHB Victor Arroyo
|
0-0: Ground out 6-3 (Groundball, 6MS, EV 72.5 MPH)
|
Batting: LHB Adam Hill
|
0-0: Ball 1-0: Foul Ball, location: 2F 1-1: Foul Ball, location: 2F 1-2: Ground out U3 (Groundball, 3, EV 85.0 MPH)
|
Batting: RHB David Clough
|
0-0: Called Strike 0-1: Ball 1-1: Ground out 4-3 (Groundball, 4, EV 104.4 MPH)
|
Bottom of the 2nd over - 0 runs, 0 hits, 0 errors, 0 left on base; American League 0 - National League 0 |
TOP OF THE 3RD |
American League All-Stars batting - Pitching for National League All-Stars : RHP Kevon Jamison
|
Pitching: LHP Brian Rich
|
|
Batting: RHB Norm Wood
|
0-0: Ball 1-0: Ball 2-0: SINGLE (Groundball, 4MD, EV 106.9 MPH)
|
Batting: LHB Dave Reyes
|
0-0: DOUBLE (Line Drive, 78D, EV 102.5 MPH) Norm Wood to third Runner from 3rd tries for Home, SAFE, no throw by CF
|
Batting: LHB Stu Sornson
|
0-0: Ball 1-0: Ball 2-0: Foul Ball, location: 2F 2-1: Foul Ball, location: 2F 2-2: Strikes out looking
|
Batting: RHB Chance Lamb
|
0-0: Ball 1-0: Ball 2-0: Called Strike 2-1: Fly out, F7 (Flyball, 7D, EV 101.9 MPH) Runner from 2nd tags up, SAFE at 3rd, no throw by LF
|
Batting: LHB Jared Zulkowski
|
0-0: Foul Ball, location: 2F 0-1: Ball 1-1: Ground out 4-3 (Groundball, 4, EV 90.0 MPH)
|
Top of the 3rd over - 1 run, 2 hits, 0 errors, 1 left on base; American League 1 - National League 0 |
BOTTOM OF THE 3RD |
National League All-Stars batting - Pitching for American League All-Stars : RHP Josh McMahan
|
Pitching: RHP Mike Wirick
|
|
Batting: RHB Justin Curran
|
0-0: Ball 1-0: Foul Ball, location: 2F 1-1: Ball 2-1: Called Strike 2-2: Ball 3-2: Foul Ball, location: 2F 3-2: Foul Ball, location: 2F 3-2: Fly out, F8 (Flyball, 8RM, EV 88.8 MPH)
|
Batting: RHB Mike MacLeod
|
0-0: Called Strike 0-1: Swinging Strike 0-2: Ball 1-2: Fly out, F7 (Flyball, 78S, EV 84.4 MPH)
|
Batting: RHB Brian Landrum
|
0-0: Swinging Strike 0-1: Called Strike 0-2: Fly out, F7 (Flyball, 78S, EV 88.8 MPH)
|
Bottom of the 3rd over - 0 runs, 0 hits, 0 errors, 0 left on base; American League 1 - National League 0 |
TOP OF THE 4TH |
American League All-Stars batting - Pitching for National League All-Stars : LHP Brian Rich
|
Pitching: RHP Andy Dunmire
|
|
Batting: RHB Kinzo Yokoyama
|
0-0: Ball 1-0: Ball 2-0: Called Strike 2-1: Fly out, F9 (Flyball, 9S, EV 85.6 MPH)
|
Batting: RHB Chris Martin
|
0-0: Foul Ball, location: 2F 0-1: Foul Ball, location: 2F 0-2: Ball 1-2: Reached on error, E6 (Groundball, 56D, EV 80.0 MPH)
|
Batting: RHB Matt Sherard
|
0-0: Foul Ball, location: 2F 0-1: Ball 1-1: Swinging Strike 1-2: Foul Ball, location: 2F 1-2: Ball 2-2: Foul Ball, location: 2F 2-2: SINGLE (Groundball, 5S, EV 65.0 MPH) (infield hit) Chris Martin to second
|
Batting: RHB Chris Bohm
|
0-0: Called Strike 0-1: Called Strike 0-2: Ball 1-2: Strikes out swinging
|
Batting: RHB Norm Wood
|
0-0: Called Strike 0-1: Ball 1-1: Ball 2-1: Ball 3-1: Foul Ball, location: 2F 3-2: Strikes out swinging
|
Top of the 4th over - 0 runs, 1 hit, 1 error, 2 left on base; American League 1 - National League 0 |
BOTTOM OF THE 4TH |
National League All-Stars batting - Pitching for American League All-Stars : RHP Mike Wirick
|
Batting: SHB Jose Melendez
|
0-0: Ground out U3 (Groundball, 34, EV 96.2 MPH)
|
Batting: LHB Koson Hirai
|
0-0: Ball 1-0: SINGLE (Groundball, 4D, EV 98.1 MPH)
|
Batting: RHB Kory Sanchez
|
0-0: Ball Koson Hirai steals 2nd base 1-0: Called Strike 1-1: Ground out 6-3 (Groundball, 56, EV 93.1 MPH)
|
Batting: RHB Victor Arroyo
|
0-0: Ball 1-0: Ball 2-0: Ball 3-0: Base on Balls
|
Batting: LHB Adam Hill
|
0-0: Called Strike 0-1: Ball 1-1: Ball 2-1: SINGLE (Flyball, 7LS, EV 100.0 MPH) Koson Hirai to third Victor Arroyo to second Runner from 3rd tries for Home, SAFE, throw by LF to home
|
Pitching: LHP Mitchel Larson
|
|
Batting: RHB David Clough
|
0-0: Called Strike 0-1: Ball 1-1: Reached via error on a dropped throw from 1B, E1 (Groundball, 34, EV 85.0 MPH) Victor Arroyo to third Adam Hill to second
|
Batting: RHB Justin Curran
|
0-0: Fielders Choice at 2nd, 6-4 (Groundball, 6, EV 82.5 MPH)
|
Bottom of the 4th over - 1 run, 2 hits, 1 error, 3 left on base; American League 1 - National League 1 |
TOP OF THE 5TH |
American League All-Stars batting - Pitching for National League All-Stars : RHP Andy Dunmire
|
Pitching: LHP Carlos Salcido
|
|
Pinch Hitting: RHB Isaiah Easter
|
0-0: Foul Ball, location: 2F 0-1: Called Strike 0-2: Strikes out swinging
|
Pinch Hitting: RHB Sean Gould
|
0-0: Called Strike 0-1: Swinging Strike 0-2: Reached on error, E1 (Groundball, 15S, EV 73.1 MPH)
|
Batting: RHB Chance Lamb
|
0-0: Swinging Strike 0-1: Foul Ball, location: 2F 0-2: Ball 1-2: Ball 2-2: Strikes out looking
|
Batting: LHB Jared Zulkowski
|
0-0: Called Strike 0-1: Foul Ball, location: 2F 0-2: Strikes out swinging
|
Top of the 5th over - 0 runs, 0 hits, 1 error, 1 left on base; American League 1 - National League 1 |
BOTTOM OF THE 5TH |
National League All-Stars batting - Pitching for American League All-Stars : LHP Mitchel Larson
|
Now at 2B: Sean Gould
|
|
Now at 3B: Chance Lamb
|
|
Now in CF: Isaiah Easter
|
|
Now in RF: Matt Sherard
|
|
Batting: RHB Mike MacLeod
|
0-0: Ball 1-0: Swinging Strike 1-1: Ball 2-1: Ground out U3 (Groundball, 3S, EV 76.9 MPH)
|
Batting: RHB Brian Landrum
|
0-0: Foul Ball, location: 2F 0-1: Called Strike 0-2: Fly out, F6 (Line Drive, 6, EV 61.9 MPH)
|
Batting: SHB Jose Melendez
|
0-0: Ground out 2-3 (Groundball, 13S, EV 70.6 MPH)
|
Bottom of the 5th over - 0 runs, 0 hits, 0 errors, 0 left on base; American League 1 - National League 1 |
TOP OF THE 6TH |
American League All-Stars batting - Pitching for National League All-Stars : LHP Carlos Salcido
|
Pitching: RHP Raymundo Pato
|
|
Batting: RHB Kinzo Yokoyama
|
0-0: Called Strike 0-1: Swinging Strike 0-2: Foul Ball, location: 2F 0-2: Ball 1-2: Ball 2-2: Foul Ball, location: 2F 2-2: Ball 3-2: Ground out 2-3 (Groundball, 13S, EV 73.1 MPH)
|
Batting: RHB Chris Martin
|
0-0: Ground out 1-3 (Groundball, 13, EV 70.6 MPH)
|
Batting: RHB Matt Sherard
|
0-0: Called Strike 0-1: Swinging Strike 0-2: Ball 1-2: Strikes out swinging
|
Top of the 6th over - 0 runs, 0 hits, 0 errors, 0 left on base; American League 1 - National League 1 |
BOTTOM OF THE 6TH |
National League All-Stars batting - Pitching for American League All-Stars : LHP Mitchel Larson
|
Batting: LHB Koson Hirai
|
0-0: Called Strike 0-1: Ball 1-1: Foul Ball, location: 2F 1-2: Ball 2-2: Foul Ball, location: 2F 2-2: Ball 3-2: Foul Ball, location: 2F 3-2: Base on Balls
|
Pitching: RHP Jorge Castaneda
|
|
Batting: RHB Kory Sanchez
|
0-0: Ball 1-0: Ball 2-0: Fielders Choice at 2nd, 6-4 (Groundball, 6, EV 89.4 MPH)
|
Pinch Hitting: RHB Jesse White
|
0-0: Ball 1-0: Ball 2-0: Called Strike 2-1: Ground out 4-3 (Groundball, 34S, EV 81.9 MPH) Kory Sanchez to second
|
Batting: LHB Adam Hill
|
0-0: Ball 1-0: Ball 2-0: Ball 3-0: Base on Balls
|
Batting: RHB David Clough
|
0-0: Ball 1-0: Called Strike 1-1: Ball 2-1: Ground out 3-1 (Groundball, 34S, EV 81.9 MPH)
|
Bottom of the 6th over - 0 runs, 0 hits, 0 errors, 2 left on base; American League 1 - National League 1 |
TOP OF THE 7TH |
American League All-Stars batting - Pitching for National League All-Stars : RHP Raymundo Pato
|
Now at 1B: Jesse White
|
|
Batting: LHB Kuemon Shishido
|
0-0: Ball 1-0: Ball 2-0: Foul Ball, location: 2F 2-1: Foul Ball, location: 2F 2-2: Strikes out swinging
|
Batting: RHB Norm Wood
|
0-0: Ground out 6-3 (Groundball, 56D, EV 103.8 MPH)
|
Batting: RHB Isaiah Easter
|
0-0: Ball 1-0: SINGLE (Groundball, 6D, EV 105.6 MPH)
|
Batting: RHB Sean Gould
|
0-0: Foul Ball, location: 2F 0-1: Called Strike 0-2: Ball 1-2: Ball 2-2: Strikes out looking
|
Top of the 7th over - 0 runs, 1 hit, 0 errors, 1 left on base; American League 1 - National League 1 |
BOTTOM OF THE 7TH |
National League All-Stars batting - Pitching for American League All-Stars : RHP Jorge Castaneda
|
Pitching: RHP Jason Stout
|
|
Pinch Hitting: LHB Carlos Vega
|
0-0: Ball 1-0: Foul Ball, location: 2F 1-1: Ball 2-1: Ball 3-1: Swinging Strike 3-2: Base on Balls
|
Batting: RHB Mike MacLeod
|
0-0: Fly out, F9 (Flyball, 9LS, EV 93.8 MPH)
|
Batting: RHB Brian Landrum
|
0-0: Swinging Strike 0-1: Foul Ball, location: 2F 0-2: Strikes out looking
|
Batting: SHB Jose Melendez
|
0-0: Foul Ball, location: 2F 0-1: Ball 1-1: Ball 2-1: Fly out, F3 (Popup, 34S, EV 84.4 MPH)
|
Bottom of the 7th over - 0 runs, 0 hits, 0 errors, 1 left on base; American League 1 - National League 1 |
TOP OF THE 8TH |
American League All-Stars batting - Pitching for National League All-Stars : RHP Raymundo Pato
|
Pitching: RHP Franklin Amaro
|
|
Now in LF: Carlos Vega
|
|
Batting: RHB Chance Lamb
|
0-0: Ball 1-0: Called Strike 1-1: Swinging Strike 1-2: Ball 2-2: Strikes out looking
|
Batting: LHB Jared Zulkowski
|
0-0: Ball 1-0: Swinging Strike 1-1: Fly out, F9 (Flyball, 9, EV 87.5 MPH)
|
Batting: RHB Kinzo Yokoyama
|
0-0: Ball 1-0: Ball 2-0: Ball 3-0: Called Strike 3-1: Base on Balls
|
Pitching: RHP Lorenzo Pacheco
|
|
Batting: RHB Chris Martin
|
0-0: Ball 1-0: Called Strike 1-1: Foul Ball, location: 2F 1-2: Strikes out looking
|
Top of the 8th over - 0 runs, 0 hits, 0 errors, 1 left on base; American League 1 - National League 1 |
BOTTOM OF THE 8TH |
National League All-Stars batting - Pitching for American League All-Stars : RHP Jason Stout
|
Pitching: RHP Kennie Williams
|
|
Batting: LHB Koson Hirai
|
0-0: SINGLE (Groundball, 34D, EV 95.6 MPH)
|
Batting: RHB Kory Sanchez
|
0-0: Ball 1-0: Ball 2-0: Called Strike 2-1: Swinging Strike 2-2: Grounds into double play, 6-4-3 (Groundball, 6, EV 95.6 MPH)
|
Batting: RHB Jesse White
|
0-0: Ball 1-0: Called Strike 1-1: Ground out 3-1 (Groundball, 34, EV 89.4 MPH)
|
Bottom of the 8th over - 0 runs, 1 hit, 0 errors, 0 left on base; American League 1 - National League 1 |
TOP OF THE 9TH |
American League All-Stars batting - Pitching for National League All-Stars : RHP Lorenzo Pacheco
|
Batting: RHB Matt Sherard
|
0-0: Called Strike 0-1: Ground out 5-3 (Groundball, 56, EV 90.6 MPH)
|
Batting: LHB Kuemon Shishido
|
0-0: SINGLE (Groundball, 5D, EV 98.1 MPH)
|
Batting: RHB Norm Wood
|
0-0: Ball 1-0: Ball 2-0: Ball 3-0: Called Strike 3-1: Bunted foul 3-2: Foul Ball, location: 2F 3-2: SINGLE (Groundball, 56, EV 95.6 MPH) Kuemon Shishido to second
|
Batting: RHB Isaiah Easter
|
0-0: Foul Ball, location: 2F 0-1: Bunted foul 0-2: DOUBLE (Line Drive, 7LM, EV 109.4 MPH) Kuemon Shishido scores Norm Wood to third
|
Batting: RHB Sean Gould
|
0-0: Ball 1-0: Foul Ball, location: 2F 1-1: Ball 2-1: Called Strike 2-2: Ball 3-2: Base on Balls
|
Batting: RHB Chance Lamb
|
0-0: Ball 1-0: Called Strike 1-1: Grounds into fielders choice 6-2 (Groundball, 6, EV 80.0 MPH) Isaiah Easter to third Sean Gould to second
|
Batting: LHB Jared Zulkowski
|
0-0: Fly out, F7 (Flyball, 78XD, EV 90.0 MPH)
|
Top of the 9th over - 1 run, 3 hits, 0 errors, 3 left on base; American League 2 - National League 1 |
BOTTOM OF THE 9TH |
National League All-Stars batting - Pitching for American League All-Stars : RHP Kennie Williams
|
Batting: LHB Adam Hill
|
0-0: Ball 1-0: Swinging Strike 1-1: Ball 2-1: Foul Ball, location: 2F 2-2: Strikes out looking
|
Pitching: LHP Mitch Lewis
|
|
Batting: RHB David Clough
|
0-0: Ball 1-0: Foul Ball, location: 2F 1-1: Ball 2-1: Ball 3-1: Base on Balls
|
Batting: LHB Carlos Vega
|
0-0: Ball 1-0: Ball 2-0: Called Strike 2-1: Ball 3-1: Grounds out, U3 (Groundball, 3L, EV 86.2 MPH)
|
Batting: RHB Mike MacLeod
|
0-0: Ball 1-0: Called Strike 1-1: Ball 2-1: SINGLE (Line Drive, 9LS, EV 102.5 MPH) David Clough to third Runner from 3rd tries for Home, throw by RF and OUT! 9-2
|
Bottom of the 9th over - 0 runs, 1 hit, 0 errors, 1 left on base; American League 2 - National League 1 |
|